 Dungeon Crawl Stone Soup version 0.18-a0-62-gc15d2f0 (webtiles) character file.

68335 Duffy the Unseen (level 15, 120/120 HPs)
             Began as a Formicid Enchanter on Nov 9, 2015.
             Was a High Priest of Ashenzari.
             Quit the game on level 13 of the Dungeon.
             The game lasted 01:08:07 (27931 turns).

Duffy the Unseen (Formicid Enchanter)              Turns: 27931, Time: 01:08:08

Health: 120/120    AC: 18    Str: 16    XL:     15   Next: 69%
Magic:  27/27      EV: 18    Int: 16    God:    Ashenzari [*****.]
Gold:   1145       SH:  5    Dex: 16    Spells: 7 memorised, 14 levels left

rFire  + + .     SeeInvis +     b - +2 dagger (elec)
rCold  . . .     Clarity  +     W - +2 ring mail {rF+}
rNeg   . . .     SustAt   .     x - +0 buckler {AC+3} (curse)
rPois  +         Gourm    .     (helmet unavailable)
rElec  .         Spirit   .     H - +0 cloak (curse)
rCorr  .         Warding  .     l - +1 pair of gloves {Str+3} (curse)
rMut   .         Stasis   +     r - +2 pair of boots {rF+} (curse)
MR     +....                    O - amulet of regeneration (curse)
Stlth  +++++++...               z - ring of poison resistance (curse)
                                P - ring of stealth

@: somewhat resistant to hostile enchantments, extremely stealthy
A: permanent stasis, dig shafts and tunnels, four strong arms, antennae 3
a: Dig, Shaft Self, Scrying, Transfer Knowledge, Renounce Religion


You were on level 13 of the Dungeon.
You worshipped Ashenzari.
Ashenzari was extremely pleased with you.
You were not hungry.

You visited 3 branches of the dungeon, and saw 22 of its levels.
You also visited: Volcano.

You collected 1404 gold pieces.
You spent 259 gold pieces at shops.


Innate Abilities, Weirdness & Mutations

You are under a permanent stasis effect.
You can dig through walls and to a lower floor.
Your four strong arms can wield two-handed weapons with a shield.
You have a pair of large antennae on your head (SInv).


   Skills:
 - Level 12.0 Fighting
 - Level 10.0 Short Blades
 - Level 4.8(7.4) Armour
 - Level 8.4(11.0) Dodging
 - Level 16.0 Stealth
 - Level 2.5(4.7) Shields
 + Level 8.4 Spellcasting
 - Level 9.9(12.3) Hexes
 - Level 4.6(7.2) Charms
 - Level 3.5(5.9) Air Magic
 - Level 9.5(12.0) Evocations


You had 14 spell levels left.
You knew the following spells:

 Your Spells              Type           Power        Failure   Level  Hunger
a - Ensorcelled Hibernat  Hex/Ice        ####..       2%          2    None
c - Confuse               Hex            #####...     1%          3    #......
d - Dazzling Spray        Conj/Hex       ####....     6%          3    #......
r - Corona                Hex            #####..      1%          1    None
t - Tukima's Dance        Hex            #####...     1%          3    #......
M - Repel Missiles        Chrm/Air       ####..       1%          2    None
N - Swiftness             Chrm/Air       ####....     1%          2    None

Inventory:

Hand Weapons
 b - a +2 dagger of electrocution (weapon)
 c - a +1 scimitar of flaming
 i - a +2 great mace of draining
 X - a +1 blowgun of evasion
Missiles
 f - 597 stones (quivered)
 n - 75 poisoned needles
 D - 2 throwing nets
 E - 9 curare-tipped needles
Armour
 l - a cursed +1 pair of gloves of strength (worn)
 r - a cursed +2 pair of boots of fire resistance (worn)
 x - a cursed +0 buckler of protection (worn)
 H - a cursed +0 cloak (worn)
 V - a +1 ring mail of cold resistance
 W - a +2 ring mail of fire resistance (worn)
Rods
 N - a +1 rod of shadows (14/14)
Jewellery
 z - a cursed ring of poison resistance (right hand)
 O - a cursed amulet of regeneration (around neck)
 P - a ring of stealth (left hand)
Wands
 g - a wand of magic darts (18)
 B - a wand of invisibility (5)
 C - a wand of digging (15)
 G - a wand of lightning (7)
 J - a wand of disintegration (14)
 Y - a wand of digging (12)
Scrolls
 e - 6 scrolls of fog
 j - 5 scrolls of remove curse
 p - 2 scrolls of curse weapon
 u - a scroll of enchant armour
 w - a scroll of blinking {unknown}
 y - a scroll of fear
 A - a scroll of acquirement {unknown}
 F - 2 scrolls of curse jewellery
 K - a scroll of recharging
 L - 4 scrolls of enchant weapon
 T - a scroll of magic mapping
 U - a scroll of torment {unknown}
Potions
 a - a potion of cure mutation
 h - 6 potions of curing
 k - a potion of magic
 m - 4 potions of might
 o - 2 potions of heal wounds
 q - 5 potions of flight
 s - 6 potions of brilliance
 v - a potion of cancellation
 Q - 2 potions of agility
 R - 2 potions of resistance
Books
 I - a book of Maledictions
Miscellaneous
 t - a phial of floods
Comestibles
 d - 16 bread rations
 M - 7 meat rations
 S - 8 slices of pizza
 Z - 3 chunks of flesh

Dungeon Overview and Level Annotations

Branches:
Dungeon (15/15) Temple (1/1) D:5 Lair (6/8) D:8 Shoals (0/4) Lair:4 Spider (0/4) Lair:5 Orc (0/4) D:12 Vaults (0/5) D:13 D:14 Slime: Lair:6-8 Depths: D:15

Altars:
Ashenzari
Cheibriados
Dithmenos
Elyvilon
Fedhas
Gozag
Kikubaaqudgha
Makhleb
Nemelex Xobeh
Okawaru
Qazlal
Ru
Sif Muna
Trog
Vehumet
Xom
Yredelemnul
Zin
The Shining One

Shops:
D:4 *   D:9 (*!

Annotations:
D:14 Donald, Norris
Lair:5 exclusions: oklob plant and 1 more exclusion


Message History

You hit the human.
There is a sudden explosion of sparks!
The human is severely wounded.
You barely miss the human.
The human is severely wounded.
The human barely misses you.
You hit the human.
The human is severely wounded.
You hit the human.
The human is almost dead.
You block the human's attack.
You hit the human.
The human is almost dead.
You barely miss the human.
The human is almost dead.
The human barely misses you.
You barely miss the human.
The human is almost dead.
You hit the human.
There is a sudden explosion of sparks!
You kill the human!
No target in view!
No target in view!
No target in view!
No target in view!
No target in view!
No target in view!
No target in view!
No target in view!
No target in view!
No target in view!
HP restored.
You feel less vulnerable to hostile enchantments.
Magic restored.
Done exploring.
Done exploring.
Are you sure you want to abandon this character and quit the game? (Confirm with "yes".)

.....'...##.........# #...>.##
.....###..#.........# #.....##
.....# ##.'.......>.# #.....#.
.....# ###.........######.....'.
.....# #.........#....'.....##
.....# #.........#.####.....#
.....# #.........#.# #.....#
.....# #.........'.# #.....#
.....# #...>.@...### ###+###
(##### ######'#### #.## )# ##..##
#..# ##### #..#†## ##.# ....#
####'###[## #.# ....#
####......##.# ######'##
....####..'......#### #.......##
....#....##......#######......<'.
.)..#.#####......'.....'.......#.


There were no monsters in sight!

Action                   |  1- 3 |  4- 6 |  7- 9 | 10-12 | 13-15 || total
-------------------------+-------+-------+-------+-------+-------++-------
Melee: Dagger            |    82 |   246 |   370 |   629 |  1669 ||  2996
Throw: Stone             |     1 |       |       |       |       ||     1
 Cast: Confuse           |     1 |       |    31 |    73 |    69 ||   174
       Ensorcelled Hiber |       |    15 |    50 |   128 |   122 ||   315
       Tukima's Dance    |       |       |     5 |     1 |       ||     6
       Dazzling Spray    |       |       |       |     3 |       ||     3
       Repel Missiles    |       |       |       |       |     1 ||     1
 Abil: Dig               |       |     1 |     5 |     5 |    22 ||    33
       Shaft Self        |       |       |       |       |     1 ||     1
Evoke: Wand              |       |       |       |       |     7 ||     7
       Phial of floods   |       |       |       |       |     2 ||     2
  Use: Scroll            |       |     6 |     7 |    13 |    12 ||    38
       Potion            |       |       |       |       |     2 ||     2
 Stab: Sleeping          |     3 |    15 |    23 |   102 |   100 ||   243
       Confused          |     1 |       |     9 |    28 |    30 ||    68
       Distracted        |       |       |     1 |     1 |     4 ||     6
       Invisible         |       |       |       |       |     4 ||     4
  Eat: Chunk             |     1 |    13 |    17 |    33 |    35 ||    99
       Fruit             |       |       |     3 |     3 |     4 ||    10
       Pizza             |       |       |       |     1 |       ||     1
       Royal jelly       |       |       |       |     2 |     2 ||     4
       Beef jerky        |       |       |       |       |     3 ||     3

Notes
Turn   | Place    | Note
--------------------------------------------------------------
     0 | D:1      | Duffy the Formicid Enchanter began the quest for the Orb.
     0 | D:1      | Reached XP level 1. HP: 13/13 MP: 3/3
   163 | D:1      | Reached skill level 1 in Shields
   163 | D:1      | Reached XP level 2. HP: 14/19 MP: 5/5
   836 | D:1      | Reached XP level 3. HP: 17/24 MP: 6/6
   940 | D:1      | Reached skill level 2 in Shields
  1227 | D:2      | Noticed Jessica
  1257 | D:1      | Learned a level 2 spell: Ensorcelled Hibernation
  1261 | D:1      | Learned a level 3 spell: Confuse
  1272 | D:2      | Killed Jessica
  1272 | D:2      | Reached skill level 4 in Hexes
  1272 | D:2      | Reached XP level 4. HP: 30/30 MP: 3/7
  1326 | D:2      | Noticed Ijyb
  1345 | D:1      | Reached skill level 2 in Short Blades
  1443 | D:1      | Killed Ijyb
  1443 | D:1      | Reached skill level 4 in Stealth
  1752 | D:2      | Reached XP level 5. HP: 35/35 MP: 8/8
  2350 | D:2      | Reached skill level 3 in Short Blades
  4026 | D:4      | Found Kiqe Tio's Assorted Antiques.
  4029 | D:4      | Bought 2 scrolls labeled WUGAFRIFORU for 48 gold pieces
  4029 | D:4      | Bought a scroll labeled QIPLID YMNEOTU for 24 gold pieces
  4029 | D:4      | Bought a scroll of identify for 48 gold pieces
  4102 | D:4      | Found a sacrificial altar of Ru.
  4120 | D:4      | Reached skill level 5 in Stealth
  4120 | D:4      | Reached XP level 6. HP: 17/41 MP: 9/9
  4574 | D:4      | Noticed Menkaure
  4578 | D:4      | Killed Menkaure
  4578 | D:4      | Reached skill level 4 in Short Blades
  4771 | D:4      | Reached XP level 7. HP: 29/46 MP: 10/10
  4908 | D:4      | Noticed Blork the orc
  4935 | D:4      | Killed Blork the orc
  4935 | D:4      | Reached skill level 5 in Hexes
  4957 | D:4      | Reached skill level 3 in Spellcasting
  5266 | D:5      | Entered Level 5 of the Dungeon
  5266 | D:5      | Found a staircase to the Ecumenical Temple.
  5299 | Temple   | Entered the Ecumenical Temple
  5358 | Temple   | Became a worshipper of Ashenzari the Shackled
  5971 | D:5      | Reached skill level 4 in Spellcasting
  5971 | D:5      | Reached skill level 6 in Hexes
  6170 | D:4      | Reached XP level 8. HP: 36/52 MP: 14/14
  6577 | D:5      | Reached skill level 1 in Fighting
  6697 | D:5      | Reached skill level 2 in Fighting
  6942 | D:6      | Reached skill level 7 in Hexes
  6978 | D:6      | Reached skill level 3 in Fighting
  6996 | D:6      | Learned a level 3 spell: Tukima's Dance
  7000 | D:6      | Learned a level 3 spell: Dazzling Spray
  7334 | D:6      | Reached skill level 4 in Fighting
  7468 | D:6      | Reached skill level 8 in Hexes
  7468 | D:6      | Reached XP level 9. HP: 64/66 MP: 15/15
  7629 | D:6      | Reached skill level 6 in Stealth
  7744 | D:6      | Found a blossoming altar of Fedhas.
  7747 | D:6      | Found an iron altar of Okawaru.
  7818 | D:6      | Found a shimmering altar of Xom.
  7821 | D:6      | Found a snail-covered altar of Cheibriados.
  8147 | D:6      | Reached skill level 2 in Dodging
  8248 | D:6      | Reached skill level 7 in Stealth
  8461 | D:7      | Reached skill level 3 in Dodging
  8505 | D:7      | Found a bloodstained altar of Trog.
  8944 | D:7      | Reached skill level 8 in Stealth
  9073 | D:7      | Reached skill level 4 in Dodging
  9355 | D:7      | Reached skill level 9 in Stealth
  9443 | D:7      | Reached XP level 10. HP: 39/73 MP: 1/16
  9674 | D:7      | Reached skill level 5 in Dodging
  9831 | D:7      | Reached skill level 10 in Stealth
  9963 | D:7      | Reached skill level 5 in Fighting
 10042 | D:7      | Reached * piety under Ashenzari
 10215 | D:7      | Reached skill level 6 in Fighting
 10410 | D:7      | Found an opulent altar of Gozag.
 10528 | D:8      | Noticed Gastronok
 10562 | D:8      | Found a glowing golden altar of the Shining One.
 10822 | D:8      | Found a staircase to the Lair.
 10824 | D:8      | Reached skill level 7 in Fighting
 11239 | D:8      | Reached skill level 8 in Fighting
 11341 | D:8      | Noticed Pikel
 11346 | D:8      | Killed Pikel
 11346 | D:8      | Reached skill level 5 in Short Blades
 11537 | D:8      | Reached skill level 6 in Short Blades
 11823 | D:9      | Found Jegeh's General Store.
 11831 | D:9      | Bought a scroll of identify for 32 gold pieces
 11831 | D:9      | Bought a scroll of identify for 32 gold pieces
 11919 | D:9      | Reached XP level 11. HP: 85/85 MP: 17/17
 12199 | D:9      | Found Ycuiviv's Distillery.
 12204 | D:9      | Bought a potion of poison for 15 gold pieces
 12207 | D:9      | Bought a potion of might for 60 gold pieces
 12404 | D:9      | Found Xelecer's Weapon Boutique.
 12419 | D:9      | Reached skill level 9 in Hexes
 13166 | D:10     | Entered Level 10 of the Dungeon
 13203 | D:10     | Reached ** piety under Ashenzari
 13276 | D:10     | Noticed a hill giant
 13469 | D:10     | Noticed cireshan's ghost (novice DECj)
 13495 | D:10     | Killed cireshan's ghost
 13495 | D:10     | Reached skill level 6 in Dodging
 14020 | D:10     | Identified Jiss's Incunabulum of Combed Thunderclap (You found it on level 10 of the Dungeon)
 14031 | D:10     | Identified the Compendium of Axaxaxas mlö (You found it on level 10 of the Dungeon)
 14039 | D:10     | Identified Iruxiex's Almanac of Plaster Cramp (You found it on level 10 of the Dungeon)
 14320 | D:8      | Reached skill level 5 in Spellcasting
 14322 | Lair:1   | Entered Level 1 of the Lair of Beasts
 14522 | Lair:1   | Reached skill level 7 in Dodging
 14654 | Lair:1   | Reached skill level 8 in Dodging
 15154 | Lair:1   | Reached skill level 11 in Stealth
 15154 | Lair:1   | Reached XP level 12. HP: 91/91 MP: 19/19
 15576 | Lair:1   | Reached skill level 12 in Stealth
 15885 | Lair:2   | Reached *** piety under Ashenzari
 15885 | Lair:2   | Noticed a seven-headed hydra
 16114 | Lair:1   | Reached skill level 13 in Stealth
 16296 | Lair:2   | Reached skill level 7 in Short Blades
 16603 | Lair:2   | Killed a seven-headed hydra
 16603 | Lair:2   | Reached skill level 8 in Short Blades
 16690 | Lair:2   | Noticed a seven-headed hydra
 16704 | Lair:2   | Killed a seven-headed hydra
 16884 | Lair:2   | Reached skill level 9 in Short Blades
 16919 | Lair:2   | Learned a level 2 spell: Repel Missiles
 16922 | Lair:2   | Learned a level 2 spell: Swiftness
 17225 | Lair:3   | Noticed a catoblepas
 17660 | Lair:2   | Reached skill level 10 in Short Blades
 17802 | Lair:2   | Reached skill level 1 in Charms
 17802 | Lair:2   | Reached skill level 1 in Air Magic
 17802 | Lair:2   | Reached XP level 13. HP: 97/97 MP: 17/20
 18003 | Lair:2   | Reached skill level 2 in Charms
 18286 | Lair:2   | Reached skill level 2 in Air Magic
 18376 | Lair:2   | Reached skill level 3 in Charms
 18512 | Lair:2   | Reached skill level 3 in Air Magic
 18806 | Lair:3   | Reached skill level 4 in Charms
 19243 | Lair:3   | Reached skill level 9 in Fighting
 19950 | Lair:4   | Reached **** piety under Ashenzari
 19984 | Lair:4   | Found a dark tunnel.
 19993 | Volcano  | Entered a volcano
 20035 | Volcano  | Noticed nublet's ghost (journeyman DrWr)
 20048 | Volcano  | Killed nublet's ghost
 20487 | Lair:4   | Reached skill level 10 in Fighting
 20773 | Lair:4   | Found a staircase to the Shoals.
 20993 | Lair:4   | Noticed axujen's ghost (journeyman GrIE)
 21030 | Lair:4   | Killed axujen's ghost
 21030 | Lair:4   | Reached skill level 11 in Fighting
 22307 | Lair:5   | Reached skill level 12 in Fighting
 22315 | Lair:5   | Reached XP level 14. HP: 99/115 MP: 7/21
 22420 | Lair:5   | Reached skill level 1 in Armour
 22459 | Lair:5   | Reached skill level 2 in Armour
 22553 | Lair:5   | Reached skill level 3 in Armour
 22876 | Lair:5   | Reached skill level 4 in Armour
 22915 | Lair:6   | Reached ***** piety under Ashenzari
 23343 | Lair:6   | Reached skill level 14 in Stealth
 23716 | D:8      | Noticed Erolcha
 23723 | D:8      | Killed Erolcha
 23845 | D:8      | Killed Gastronok
 23845 | D:8      | Reached skill level 15 in Stealth
 24112 | D:11     | Noticed Grum
 24181 | D:11     | Killed Grum
 24412 | D:11     | Reached skill level 16 in Stealth
 24460 | D:11     | Reached skill level 1 in Evocations
 24567 | D:11     | Reached skill level 2 in Evocations
 24592 | D:11     | Noticed Sonja
 24599 | D:11     | Killed Sonja
 24678 | D:11     | Reached skill level 3 in Evocations
 24920 | D:11     | Reached skill level 4 in Evocations
 25235 | D:12     | Noticed Nessos
 25242 | D:12     | Killed Nessos
 25242 | D:12     | Reached skill level 5 in Evocations
 25285 | D:12     | Noticed Kirke
 25311 | D:12     | You fall through a shaft for 3 floors!
 25311 | D:15     | Entered Level 15 of the Dungeon
 25337 | D:14     | Found a gate to the Vaults.
 25337 | D:14     | Noticed Rupert
 25337 | D:14     | Noticed Norris
 25337 | D:14     | Noticed Donald
 25487 | D:15     | Reached skill level 6 in Evocations
 25487 | D:15     | Reached XP level 15. HP: 120/120 MP: 17/22
 25733 | D:15     | Reached skill level 7 in Evocations
 25888 | D:15     | Noticed Urug
 25896 | D:15     | Killed Urug
 25896 | D:15     | Reached skill level 8 in Evocations
 26243 | D:12     | Killed Kirke
 26243 | D:12     | Reached skill level 9 in Evocations
 26254 | D:12     | Noticed Josephine
 26292 | D:12     | Killed Josephine
 26787 | D:12     | Found a staircase to the Orcish Mines.
 26869 | D:12     | Reached skill level 6 in Spellcasting
 27097 | D:13     | Found a shattered altar of Ashenzari.
 27436 | D:13     | Reached skill level 7 in Spellcasting
 27882 | D:13     | Killed Rupert
 27882 | D:13     | Reached skill level 8 in Spellcasting
 27931 | D:13     | Quit the game

Vault maps used:
D:1:      nagdon_arrival_zigzag_paths
D:2:      uniq_iyjb, uniq_jessica
D:4:      lemuel_crystal_altar, first_bread, serial_shops, kennysheep_mini_moat,
          kennysheep_crisscross, uniq_menkaure, uniq_blork_the_orc
D:5:      minmay_temple_entry_trees
D:6:      grunt_temple_overflow_cloverleaf
D:7:      hangedman_cross_stitches, kennysheep_mini, serial_undead,
          serial_undead_e, serial_undead_f, serial_undead_c, serial_undead_d,
          serial_undead_d, serial_undead_d, serial_undead_d, trog_hazing_becter,
          uniq_joseph
D:8:      erik_lair_orcish_takeover, basic_altar, uniq_gastronok, uniq_pikel,
          uniq_erolcha
D:9:      serial_shops, nicolae_shop_crystal, shop, kennysheep_little_box,
          grunt_pizzeria
D:10:     serial_column_ruins, column_ruins_hut_ruined, column_ruins_grid_1,
          column_ruins_columns_straight, column_ruins_open_small,
          bh_hangedman_babel_library
D:11:     kennysheep_six_static_rooms, uniq_grum, uniq_sonja
D:12:     david_orc_4, uniq_josephine, uniq_nessos, uniq_kirke
D:13:     basic_altar
D:14:     david_vaults_3, fedhas_altar_2, kennysheep_dice
D:15:     grunt_enter_depths_hoard, minivault_23, serial_corexii_hall,
          corexii_hall_statues_l, corexii_hall_statues_deadend,
          corexii_hall_statues_i, uniq_urug
Temple:   circular_temple_13
Lair:1:   wad_woods_structure_01
Lair:2:   worms_lemuel, serial_bayou_shore_b
Lair:3:   st_stairs_11, beast_lair_carwin_3
Lair:4:   elwin_shoals_entry_rocks, lightli_volcano_entry_magma_tube,
          beast_lair_carwin_7, bh_autumn_forest_stairs
Lair:5:   spider_nest_entry_funnel_web, minmay_lair_oklob_bushes,
          lemuel_fruit_fields
Lair:6:   nicolae_slime_entry_slimehenge, lemuel_fruit_fields
Volcano:  volcano_village

Vanquished Creatures
  Rupert Gastronok Kirke
  The ghost of nublet the Placeless Draconian, a journeyman DrWr of Vehumet Nessos
  The ghost of axujen the Frost Mage, a journeyman GrIE of Vehumet Josephine
  5 hydras Erolcha
  A catoblepas
  2 centaur warriors
  A death yak Urug Sonja
  The ghost of cireshan the Thaumaturge, a novice DECj of Sif Muna
  A skeletal warrior
  9 hill giants Pikel
  2 wizards
  5 ugly things
  3 cyclopes
  2 black mambas
  12 spiny frogs
  A gargoyle
  8 komodo dragons
  A fire drake
  A freezing wraith
  4 trolls
  4 polar bears
  8 two-headed ogres
  22 blink frogs
  A trapdoor spider zombie
  3 deep elf magi
  6 wraiths
  45 yaks
  A hungry ghost
  3 hogs
  4 wyverns
  A mottled dragon
  3 basilisks
  7 humans Grum
  2 fire bats
  16 wolves
  7 hippogriffs
  3 wargs Menkaure
  7 swamp worms
  11 orc warriors
  4 sky beasts
  11 porcupines
  2 ice beasts
  5 necrophages
  A soldier ant
  3 phantoms
  2 eyes of draining
  14 water moccasins
  7 ogres
  13 crocodiles
  2 slaves
  10 centaurs Blork the orc
  A big kobold
  A gnoll sergeant
  A brain worm
  22 giant frogs
  8 scorpions
  11 killer bees
  3 centaur zombies
  7 crimson imps
  11 wights
  A jelly
  2 giant frog zombies Ijyb
  4 centaur skeletons
  13 orc priests
  3 quasits
  3 giant frog skeletons
  5 hounds
  10 iguanas Jessica
  15 orc wizards
  10 worker ants
  19 sheep
  4 hound zombies
  A mummy
  3 worker ant zombies
  15 gnolls
  86 river rats
  18 adders
  4 shadow imps
  2 oozes
  An adder skeleton
  An adder zombie
  13 worms
  59 orcs
  3 ball pythons
  6 bats
  6 giant cockroaches
  13 goblins
  15 hobgoblins
  12 kobolds
  4 quokkas
  A giant cockroach zombie
  7 giant geckos
  3 giant gecko zombies
  8 giant newts
  22 jackals
  A jackal skeleton
  3 quokka skeletons
  2 quokka zombies
  4 rats
  A fulminant prism
  4 fungi
  11 plants
786 creatures vanquished.
